[ AOE2 MATCH · #495357685 ]
UnrankedWu vs Huns
Player's team · WIN
Rival team · LOSS
[ REPLAY ANALYSIS · EXTRACTED FROM THE RECORDED GAME ]
Feudal
8:53
Castle
21:00
Imperial
—
| APM avg | 104.6 |
| APM peak | 170 |
| eAPM avg | 63.5 |
| Villagers / military | 89 / 33 |
Focus
⚔️ 76.6% · 🌾 23.4%
Archer ×22 · Skirmisher ×9 · Unknown (1944) ×3 · Scout Cavalry ×2
Feudal
8:02
Castle
21:05
Imperial
—
| APM avg | 146.9 |
| APM peak | 247 |
| eAPM avg | 93.8 |
| Villagers / military | 64 / 36 |
Focus
⚔️ 80.5% · 🌾 19.5%
Archer ×23 · Scout Cavalry ×5 · Knight ×3 · Mangonel ×3 · Spearman ×2
Match map
Initial resources + every placement click. Lines = walls · curves = elevation contours. ◆ gold · ⬟ stone · ● berries · ✦ relic · ◌ wall gap
Your base· ✓ Closed at 21:00 · 55t walls · no gate
DS_StonePleaseAoE's base· ✓ Closed at 21:05 · 61t walls · no gate
Smoothed initial terrain · ◌ = detected wall gap · hover for details
Inputs per minute
— Ux'LobodeLaNieve - - DS_StonePleaseAoE
Build order — Ux'LobodeLaNieve
First 150 of 202 actions detected
| 0:02 | Create | Villager (Male) |
| 0:03 | Create | Villager (Male) |
| 0:04 | Build | House |
| 0:05 | Build | House |
| 0:14 | Create | Villager (Male) |
| 0:19 | Create | Villager (Male) |
| 1:06 | Create | Villager (Male) |
| 1:50 | Create | Villager (Male) |
| 1:50 | Create | Villager (Male) |
| 1:52 | Build | Lumber Camp |
| 2:12 | Create | Villager (Male) |
| 2:12 | Create | Villager (Male) |
| 2:48 | Create | Villager (Male) |
| 2:48 | Create | Villager (Male) |
| 3:17 | Create | Villager (Male) |
| 3:34 | Create | Villager (Male) |
| 3:34 | Create | Villager (Male) |
| 3:51 | Build | House |
| 4:07 | Create | Villager (Male) |
| 4:11 | Create | Villager (Male) |
| 4:18 | Build | House |
| 4:25 | Create | Villager (Male) |
| 4:34 | Create | Villager (Male) |
| 5:00 | Create | Villager (Male) |
| 5:01 | Create | Villager (Male) |
| 5:01 | Create | Villager (Male) |
| 5:16 | Build | Mill |
| 5:16 | Create | Villager (Male) |
| 5:29 | Create | Villager (Male) |
| 5:41 | Research | Loom |
| 5:42 | Create | Villager (Male) |
| 5:45 | Research | Loom |
| 6:27 | Build | Palisade Wall |
| 6:39 | Research | Feudal Age |
| 7:25 | Build | Palisade Wall |
| 7:53 | Build | Barracks |
| 7:55 | Build | Palisade Wall |
| 8:22 | Create | Villager (Male) |
| 8:53 | Age | Feudal Age |
| 8:58 | Build | Stable |
| 9:02 | Build | Palisade Wall |
| 9:06 | Build | House |
| 9:13 | Research | Double-Bit Axe |
| 9:13 | Research | Double-Bit Axe |
| 9:14 | Create | Villager (Male) |
| 9:22 | Build | Palisade Wall |
| 9:34 | Create | Villager (Male) |
| 9:46 | Create | Scout Cavalry |
| 9:51 | Create | Villager (Male) |
| 9:56 | Build | Palisade Wall |
| 10:09 | Create | Scout Cavalry |
| 10:10 | Create | Villager (Male) |
| 10:19 | Build | House |
| 10:27 | Build | Archery Range |
| 10:49 | Create | Villager (Male) |
| 10:54 | Create | Villager (Male) |
| 11:21 | Build | Blacksmith |
| 11:25 | Create | Skirmisher |
| 11:28 | Build | Farm |
| 11:32 | Build | Farm |
| 11:33 | Build | Farm |
| 11:34 | Create | Villager (Male) |
| 11:39 | Create | Villager (Male) |
| 11:42 | Create | Skirmisher |
| 11:47 | Create | Villager (Male) |
| 11:49 | Build | House |
| 11:56 | Create | Villager (Male) |
| 11:56 | Create | Villager (Male) |
| 12:03 | Build | Farm |
| 12:08 | Create | Villager (Male) |
| 12:09 | Create | Villager (Male) |
| 12:13 | Build | House |
| 12:22 | Create | Villager (Male) |
| 12:37 | Research | Fletching |
| 12:38 | Create | Skirmisher |
| 12:38 | Create | Skirmisher |
| 12:46 | Build | Farm |
| 12:48 | Build | Farm |
| 12:59 | Create | Skirmisher |
| 13:04 | Create | Villager (Male) |
| 13:10 | Build | Farm |
| 13:10 | Create | Villager (Male) |
| 13:11 | Create | Villager (Male) |
| 13:14 | Build | Farm |
| 13:20 | Build | Palisade Wall |
| 13:36 | Create | Skirmisher |
| 13:40 | Build | Farm |
| 13:42 | Build | Farm |
| 13:50 | Build | Farm |
| 13:56 | Create | Villager (Male) |
| 14:07 | Build | House |
| 14:12 | Build | House |
| 14:16 | Create | Villager (Male) |
| 14:17 | Build | Farm |
| 14:21 | Create | Skirmisher |
| 14:30 | Research | Padded Archer Armor |
| 14:33 | Build | House |
| 14:41 | Create | Skirmisher |
| 14:47 | Create | Villager (Male) |
| 15:14 | Create | Villager (Male) |
| 15:22 | Create | Villager (Male) |
| 15:43 | Create | Villager (Male) |
| 15:48 | Create | Villager (Male) |
| 15:53 | Build | Farm |
| 15:58 | Build | Mining Camp |
| 16:06 | Build | Farm |
| 16:18 | Build | House |
| 16:19 | Build | House |
| 16:20 | Build | House |
| 16:28 | Build | Lumber Camp |
| 16:36 | Create | Villager (Male) |
| 16:36 | Create | Skirmisher |
| 16:42 | Build | Palisade Wall |
| 16:58 | Build | House |
| 17:17 | Build | House |
| 17:18 | Build | House |
| 17:24 | Create | Villager (Male) |
| 17:26 | Build | Market |
| 17:51 | Create | Villager (Male) |
| 18:12 | Create | Archer |
| 18:20 | Research | Castle Age |
| 18:20 | Research | Castle Age |
| 18:50 | Build | Archery Range |
| 18:53 | Create | Archer |
| 18:53 | Create | Archer |
| 19:04 | Research | Stone Mining |
| 19:06 | Research | Gold Mining |
| 19:18 | Create | Archer |
| 19:24 | Build | House |
| 19:30 | Create | Archer |
| 19:30 | Create | Archer |
| 19:54 | Create | Archer |
| 20:16 | Build | House |
| 20:24 | Create | Archer |
| 20:25 | Create | Archer |
| 20:30 | Build | Palisade Wall |
| 20:32 | Build | House |
| 21:00 | Age | Castle Age |
| 21:04 | Research | Crossbowman (upgrade) |
| 21:04 | Research | Elite Skirmisher (upgrade) |
| 21:05 | Create | Villager (Male) |
| 21:07 | Build | House |
| 21:11 | Create | Villager (Male) |
| 21:21 | Create | Villager (Male) |
| 21:25 | Build | University |
| 21:28 | Research | Bodkin Arrow |
| 21:33 | Create | Villager (Male) |
| 21:37 | Create | Villager (Male) |
| 21:41 | Build | House |
| 21:42 | Build | House |
Build order — DS_StonePleaseAoE
First 150 of 198 actions detected
| 0:00 | Create | Villager (Male) |
| 0:01 | Create | Villager (Male) |
| 0:01 | Create | Villager (Male) |
| 0:57 | Create | Villager (Male) |
| 1:19 | Build | Palisade Wall |
| 1:28 | Create | Villager (Male) |
| 1:57 | Create | Villager (Male) |
| 2:15 | Create | Villager (Male) |
| 2:15 | Create | Villager (Male) |
| 2:41 | Build | Lumber Camp |
| 2:49 | Create | Villager (Male) |
| 3:00 | Create | Villager (Male) |
| 3:15 | Build | Palisade Wall |
| 3:29 | Create | Villager (Male) |
| 3:57 | Create | Villager (Male) |
| 4:22 | Create | Villager (Male) |
| 4:51 | Create | Villager (Male) |
| 5:10 | Build | Mining Camp |
| 5:22 | Create | Villager (Male) |
| 5:52 | Research | Feudal Age |
| 6:30 | Create | Villager (Male) |
| 6:53 | Build | Barracks |
| 7:23 | Build | Palisade Wall |
| 7:25 | Build | Palisade Wall |
| 7:30 | Research | Loom |
| 7:41 | Build | Palisade Wall |
| 7:42 | Build | Palisade Wall |
| 7:42 | Build | Palisade Wall |
| 7:43 | Build | Palisade Wall |
| 7:43 | Build | Palisade Wall |
| 7:44 | Build | Palisade Wall |
| 7:44 | Build | Palisade Wall |
| 7:45 | Build | Palisade Wall |
| 8:02 | Age | Feudal Age |
| 8:05 | Build | Archery Range |
| 8:09 | Research | Double-Bit Axe |
| 8:11 | Create | Villager (Male) |
| 8:46 | Create | Archer |
| 8:46 | Create | Archer |
| 8:47 | Create | Villager (Male) |
| 8:53 | Build | Mill |
| 8:57 | Build | Palisade Wall |
| 9:05 | Create | Villager (Male) |
| 9:07 | Build | Palisade Wall |
| 9:20 | Create | Spearman |
| 9:28 | Create | Villager (Male) |
| 9:35 | Create | Archer |
| 9:44 | Build | Palisade Wall |
| 9:51 | Build | Palisade Wall |
| 9:55 | Create | Spearman |
| 10:01 | Create | Villager (Male) |
| 10:07 | Build | Palisade Wall |
| 10:12 | Build | Palisade Wall |
| 10:14 | Build | Palisade Wall |
| 10:26 | Create | Villager (Male) |
| 10:40 | Create | Archer |
| 10:45 | Create | Villager (Male) |
| 10:46 | Create | Villager (Male) |
| 10:51 | Build | Farm |
| 10:55 | Create | Archer |
| 11:02 | Build | Blacksmith |
| 11:14 | Create | Villager (Male) |
| 11:17 | Build | Palisade Wall |
| 11:37 | Create | Villager (Male) |
| 11:45 | Build | Palisade Wall |
| 11:47 | Build | Palisade Wall |
| 11:51 | Build | Farm |
| 11:53 | Build | Farm |
| 11:58 | Create | Archer |
| 12:05 | Create | Villager (Male) |
| 12:20 | Research | Fletching |
| 12:35 | Build | Farm |
| 12:37 | Build | Farm |
| 12:41 | Create | Villager (Male) |
| 12:43 | Build | Farm |
| 13:02 | Build | Farm |
| 13:04 | Build | Palisade Wall |
| 13:09 | Create | Archer |
| 13:12 | Create | Villager (Male) |
| 13:32 | Create | Villager (Male) |
| 13:45 | Create | Archer |
| 13:49 | Research | Horse Collar |
| 13:49 | Research | Horse Collar |
| 14:01 | Build | Stable |
| 14:04 | Create | Villager (Male) |
| 14:10 | Create | Archer |
| 14:20 | Research | Horse Collar |
| 14:21 | Create | Villager (Male) |
| 14:33 | Create | Scout Cavalry |
| 14:44 | Create | Villager (Male) |
| 14:57 | Build | Farm |
| 15:00 | Create | Scout Cavalry |
| 15:00 | Create | Scout Cavalry |
| 15:16 | Create | Villager (Male) |
| 15:21 | Create | Archer |
| 15:29 | Build | Farm |
| 15:29 | Build | Farm |
| 15:30 | Build | Farm |
| 15:30 | Build | Farm |
| 15:30 | Build | Farm |
| 15:33 | Create | Villager (Male) |
| 15:47 | Create | Villager (Male) |
| 15:48 | Create | Archer |
| 15:55 | Build | Farm |
| 15:55 | Build | Farm |
| 15:55 | Build | Farm |
| 15:56 | Build | Farm |
| 15:56 | Build | Farm |
| 16:10 | Build | Farm |
| 16:18 | Build | Farm |
| 16:21 | Create | Archer |
| 16:26 | Create | Villager (Male) |
| 16:28 | Create | Scout Cavalry |
| 16:40 | Create | Villager (Male) |
| 16:46 | Build | Farm |
| 16:58 | Build | Lumber Camp |
| 17:20 | Create | Villager (Male) |
| 17:40 | Create | Villager (Male) |
| 17:41 | Build | Lumber Camp |
| 17:46 | Create | Archer |
| 18:25 | Research | Castle Age |
| 18:27 | Create | Archer |
| 18:44 | Build | Palisade Wall |
| 18:51 | Build | Palisade Wall |
| 18:54 | Build | Palisade Wall |
| 18:56 | Build | Palisade Wall |
| 19:08 | Build | Palisade Wall |
| 19:10 | Create | Archer |
| 19:12 | Research | Gold Mining |
| 19:14 | Create | Scout Cavalry |
| 19:23 | Create | Villager (Male) |
| 19:50 | Create | Archer |
| 20:09 | Research | Bloodlines |
| 20:14 | Build | Farm |
| 20:16 | Build | Farm |
| 20:18 | Build | Farm |
| 20:34 | Create | Villager (Male) |
| 20:47 | Create | Archer |
| 20:51 | Research | Scale Barding Armor |
| 21:03 | Create | Villager (Male) |
| 21:05 | Age | Castle Age |
| 21:07 | Build | Siege Workshop |
| 21:15 | Research | Crossbowman (upgrade) |
| 21:15 | Research | Crossbowman (upgrade) |
| 21:15 | Research | Crossbowman (upgrade) |
| 21:15 | Research | Crossbowman (upgrade) |
| 21:15 | Research | Crossbowman (upgrade) |
| 21:15 | Research | Crossbowman (upgrade) |
| 21:15 | Research | Crossbowman (upgrade) |
| 21:20 | Create | Villager (Male) |
Match timeline
| 1:19 | DS_StonePleaseAoE · wall_segment Palisade Wall x1 |
| 3:15 | DS_StonePleaseAoE · wall_segment Palisade Wall x1 |
| 6:27 | Ux'LobodeLaNieve · wall_segment Palisade Wall x17 |
| 6:53 | DS_StonePleaseAoE · first_building Barracks |
| 7:23 | DS_StonePleaseAoE · wall_segment Palisade Wall x1 |
| 7:25 | Ux'LobodeLaNieve · wall_segment Palisade Wall x12 |
| 7:25 | DS_StonePleaseAoE · wall_segment Palisade Wall x1 |
| 7:41 | DS_StonePleaseAoE · wall_segment Palisade Wall x1 |
| 7:42 | DS_StonePleaseAoE · wall_segment Palisade Wall x1 |
| 7:42 | DS_StonePleaseAoE · wall_segment Palisade Wall x1 |
| 7:43 | DS_StonePleaseAoE · wall_segment Palisade Wall x1 |
| 7:43 | DS_StonePleaseAoE · wall_segment Palisade Wall x1 |
| 7:44 | DS_StonePleaseAoE · wall_segment Palisade Wall x1 |
| 7:44 | DS_StonePleaseAoE · wall_segment Palisade Wall x1 |
| 7:45 | DS_StonePleaseAoE · wall_segment Palisade Wall x1 |
| 7:53 | Ux'LobodeLaNieve · first_building Barracks |
| 7:55 | Ux'LobodeLaNieve · wall_segment Palisade Wall x2 |
| 8:02 | DS_StonePleaseAoE · age_up feudal |
| 8:05 | DS_StonePleaseAoE · first_building Archery Range |
| 8:53 | Ux'LobodeLaNieve · age_up feudal |
| 8:57 | DS_StonePleaseAoE · wall_segment Palisade Wall x1 |
| 8:58 | Ux'LobodeLaNieve · first_building Stable |
| 9:02 | Ux'LobodeLaNieve · wall_segment Palisade Wall x3 |
| 9:07 | DS_StonePleaseAoE · wall_segment Palisade Wall x1 |
| 9:22 | Ux'LobodeLaNieve · wall_segment Palisade Wall x14 |
| 9:44 | DS_StonePleaseAoE · wall_segment Palisade Wall x11 |
| 9:51 | DS_StonePleaseAoE · wall_segment Palisade Wall x9 |
| 9:56 | Ux'LobodeLaNieve · wall_segment Palisade Wall x6 |
| 10:07 | DS_StonePleaseAoE · wall_segment Palisade Wall x1 |
| 10:12 | DS_StonePleaseAoE · wall_segment Palisade Wall x7 |
| 10:14 | DS_StonePleaseAoE · wall_segment Palisade Wall x4 |
| 10:27 | Ux'LobodeLaNieve · first_building Archery Range |
| 11:17 | DS_StonePleaseAoE · wall_segment Palisade Wall x1 |
| 11:45 | DS_StonePleaseAoE · wall_segment Palisade Wall x3 |
| 11:47 | DS_StonePleaseAoE · wall_segment Palisade Wall x6 |
| 13:04 | DS_StonePleaseAoE · wall_segment Palisade Wall x1 |
| 13:20 | Ux'LobodeLaNieve · wall_segment Palisade Wall x1 |
| 14:01 | DS_StonePleaseAoE · first_building Stable |
| 16:42 | Ux'LobodeLaNieve · wall_segment Palisade Wall x1 |
| 18:44 | DS_StonePleaseAoE · wall_segment Palisade Wall x1 |
| 18:51 | DS_StonePleaseAoE · wall_segment Palisade Wall x1 |
| 18:54 | DS_StonePleaseAoE · wall_segment Palisade Wall x2 |
| 18:56 | DS_StonePleaseAoE · wall_segment Palisade Wall x1 |
| 19:08 | DS_StonePleaseAoE · wall_segment Palisade Wall x1 |
| 20:30 | Ux'LobodeLaNieve · wall_segment Palisade Wall x1 |
| 21:00 | Ux'LobodeLaNieve · age_up castle |
| 21:05 | DS_StonePleaseAoE · age_up castle |
| 21:07 | DS_StonePleaseAoE · first_building Siege Workshop |
| 21:21 | DS_StonePleaseAoE · wall_segment Palisade Wall x1 |
| 21:49 | DS_StonePleaseAoE · first_building Monastery |
| 22:48 | Ux'LobodeLaNieve · first_market_buy 100 wood |
| 26:34 | DS_StonePleaseAoE · resign |
[ AI ANALYSIS · 1 CREDIT ]
What really happened in this match?
Wolo.gg analyzes every decision: build order, eco, micro, common mistakes by bracket. Personalized analysis on WhatsApp or Discord in 30 seconds.
Civ guide
Wu
Perfil
Lobo